[Event "FIDE WCCC Girls-12 2024"]
[Site "Montesilvano"]
[Date "2024.11.23"]
[Round "8.9"]
[White "Pratitee Bordoloi"]
[Black "Harutyunyan, Gabriela"]
[Result "1-0"]
[ECO "B45"]
[WhiteElo "1929"]
[BlackElo "1730"]
[Annotator "RC"]
[PlyCount "147"]
[EventDate "2024.11.18"]
[EventType "swiss"]
[EventCountry "ITA"]
[SourceTitle "playchess.com"]
[Source "ChessBase"]
[SourceQuality "1"]
[TimeControl "5400+30"]

1. e4 c5 2. Nf3 e6 3. d4 cxd4 4. Nxd4 Nf6 5. Nc3 Nc6 6. Be3 Bb4 7. f3 d5 8. Nxc6 bxc6 9. e5 Nd7 10. f4 Bc5 11. Bxc5 Nxc5 12. b4 Nd7 13. Qd2 a5 14. b5 c5 15. Be2 Bb7 16. Bf3 a4 17. O-O Nb6 18. Qf2 Qc7 19. Rae1 O-O-O 20. a3 h6 21. g3 Kb8 22. Bg2 Rhe8 23. Re2 f5 24. exf6 gxf6 25. Rfe1 e5 26. fxe5 fxe5 27. Qf6 Rd6 28. Qh4 e4 29. Rf1 Qg7 30. Qf4 Red8 31. Nd1 Ka8 32. Ne3 Qc3 33. Ng4 Qc4 34. Rfe1 Qxb5 35. Nxh6 R6d7 36. Bh3 Rh7 37. Bf5 Rf8 38. g4 Qc6 39. g5 Bc8 40. Qg4 Bxf5 41. Nxf5 Qg6 42. Rf2 Nd7 43. Nh4 Qd6 44. Rxf8+ Qxf8 45. g6 Rg7 46. Qe6 Qg8 47. Qa6+ Kb8 48. Rb1+ Kc7 49. Rb7+ Kd8 50. Qa5+ Ke8 51. Qa8+ Ke7 52. Nf5+ Kf6 53. Qxg8 Rxg8 54. Rxd7 Kxf5 55. Rxd5+ Kf4 56. Rd6 Ke5 57. Ra6 Kf4 58. Kf2 Rd8 59. g7 e3+ 60. Ke1 Rg8 61. Rf6+ Ke5 62. Rf7 Ke6 63. Rb7 Kf5 64. Ke2 Kf4 65. Rf7+ Ke4 66. h4 Ke5 67. h5 Ke6 68. Ra7 Kf6 69. h6 Kg6 70. Ra6+ Kh7 71. Kxe3 c4 72. Rf6 Re8+ 73. Kd4 Rd8+ 74. Kc3 1-0

[Event "FIDE WCCC Girls-12 2024"]
[Site "Montesilvano"]
[Date "2024.11.23"]
[Round "8.25"]
[White "Bogomolnikova, Zlata"]
[Black "Lukin, Yesenia"]
[Result "1-0"]
[ECO "D36"]
[WhiteElo "1628"]
[BlackElo "1732"]
[Annotator "NA RC"]
[PlyCount "70"]
[EventDate "2024.11.18"]
[EventType "swiss"]
[EventCountry "ITA"]
[SourceTitle "playchess.com"]
[Source "ChessBase"]
[SourceQuality "1"]
[TimeControl "5400+30"]

1. d4 Nf6 2. c4 e6 3. Nc3 d5 4. cxd5 exd5 5. Bg5 Be7 6. Qc2 h6 7. Bh4 c6 8. e3 O-O 9. Bd3 Be6 10. Nge2 Nbd7 11. O-O Nh5 12. Bxe7 Qxe7 13. Ng3 Nxg3 14. hxg3 Qg5 15. Ne2 Rfe8 16. Nf4 Nf6 17. b4 Nh5 18. Nxh5 Qxh5 19. a4 Rec8 20. Qd2 Bd7 21. Rfc1 Rc7 22. Rc5 b6 23. Rc3 a5 24. b5 Rac8 25. Rac1 Qg5 26. R1c2 Qe7 27. Qc1 c5 28. dxc5 Rxc5 29. Qb2 Rxc3 30. Rxc3 Qf6 31. Rxc8+ Bxc8 32. Qc2 Qd8 33. Qc6 Be6 34. Kh2 g6 35. Bxg6 fxg6 1-0

[Event "FIDE WCCC Girls-12 2024"]
[Site "Montesilvano"]
[Date "2024.11.23"]
[Round "8.34"]
[White "Huang, Lucia"]
[Black "Yang, Hayeon"]
[Result "1-0"]
[ECO "C54"]
[WhiteElo "1621"]
[BlackElo "1482"]
[Annotator "NA RC"]
[PlyCount "65"]
[EventDate "2024.11.18"]
[EventType "swiss"]
[EventCountry "ITA"]
[SourceTitle "playchess.com"]
[Source "ChessBase"]
[SourceQuality "1"]
[TimeControl "5400+30"]

1. e4 e5 2. Nf3 Nc6 3. Bc4 Bc5 4. O-O Nf6 5. d3 h6 6. c3 O-O 7. a4 a6 8. Na3 d6 9. h3 Be6 10. Re1 Na5 11. Bxe6 fxe6 12. b4 Bxb4 13. cxb4 Nc6 14. Qb3 Qd7 15. Bb2 Nh5 16. Rad1 Nf4 17. d4 exd4 18. Nxd4 Nxd4 19. Bxd4 Kh8 20. Nc4 Qe7 21. e5 d5 22. Nb2 b6 23. b5 axb5 24. axb5 Ra3 25. Qc2 Qg5 26. f3 Nxh3+ 27. Kh2 Nf4 28. Nd3 Qf5 29. Re3 c5 30. bxc6 b5 31. Bc5 Nxd3 32. Bxf8 Qf4+ 33. g3 1-0

[Event "FIDE WCCC Girls-12 2024"]
[Site "Montesilvano"]
[Date "2024.11.23"]
[Round "8.36"]
[White "Ordonez Alarcon, Daniela"]
[Black "Jacome Revelo, Daniela Alexandra"]
[Result "1/2-1/2"]
[ECO "A59"]
[WhiteElo "1606"]
[BlackElo "1764"]
[Annotator "NA RC"]
[PlyCount "61"]
[EventDate "2024.11.18"]
[EventType "swiss"]
[EventCountry "ITA"]
[SourceTitle "playchess.com"]
[Source "ChessBase"]
[SourceQuality "1"]
[TimeControl "5400+30"]

1. d4 Nf6 2. c4 c5 3. d5 b5 4. cxb5 a6 5. bxa6 Bxa6 6. Nc3 g6 7. e4 Bxf1 8. Kxf1 d6 9. Nf3 Bg7 10. g3 O-O 11. Kg2 Qb6 12. a4 Na6 13. Ne1 Rfb8 14. Nc2 Nb4 15. Re1 Nd7 16. Nb5 Qa5 17. Nxb4 Qxb4 18. Ra3 c4 19. Re2 Ne5 20. Bd2 Qc5 21. Be3 Qc8 22. Bd4 Nd3 23. Bxg7 Kxg7 24. Rc2 Qd7 25. Rxc4 Nc5 26. Ra1 Nxa4 27. Rcxa4 Rxa4 28. Qxa4 Qxb5 29. Qxb5 Rxb5 30. Rb1 Kf6 31. b4 1/2-1/2